 Dungeon Crawl Stone Soup version 0.23.1-37-gaa34b87b72 (webtiles) character file.

Game seed: 10587612026762633760

132 GGGomer the Conjurer (level 4, -1/33 HPs)
             Began as a Draconian Conjurer on Mar 21, 2019.
             Was an Initiate of Nemelex Xobeh.
             Slain by a bullfrog (5 damage)
             ... in a sewer.
             The game lasted 00:18:23 (3814 turns).

GGGomer the Conjurer (Draconian Conjurer)           Turns: 3814, Time: 00:18:23

Health: -1/33      AC:  5    Str: 11    XL:     4   Next: 92%
Magic:  1/8        EV: 12    Int: 16    God:    Nemelex Xobeh [......]
Gold:   109        SH:  0    Dex: 11    Spells: 4/8 levels left

rFire    . . .     SeeInvis .   p - +1 dagger (drain)
rCold    . . .     Gourm    .   (no shield)
rNeg     . . .     Faith    +   (armour unavailable)
rPois    .         Spirit   .   (helmet restricted)
rElec    .         Reflect  .   (no cloak)
rCorr    .         Harm     .   (no gloves)
MR       .....                  (no boots)
Stlth    +.........             e - amulet of faith
HPRegen  0.11/turn              (no ring)
MPRegen  0.11/turn              (no ring)

@: very slow
A: unfitting armour, cold-blooded, AC +5
a: Draw Escape, Draw Destruction, Draw Summoning, Renounce Religion


You were in a sewer.
You worshipped Nemelex Xobeh.
Nemelex Xobeh was noncommittal.
You were not hungry.

You visited 1 branch of the dungeon, and saw 3 of its levels.
You also visited: Sewer.

You collected 109 gold pieces.

Inventory:

Hand Weapons
 p - a +1 dagger of draining (weapon)
Missiles
 d - 6 large rocks
 j - 125 stones (quivered)
 k - 25 poisoned needles
 o - 18 sling bullets
 q - 8 javelins
Jewellery
 e - an amulet of faith (around neck)
Scrolls
 f - a scroll of enchant weapon
 g - 2 scrolls of identify
 h - 4 scrolls of teleportation
 i - a scroll of immolation
 l - a scroll of enchant armour {unknown}
Potions
 a - 3 potions of haste
 c - a potion of curing
 m - a potion of heal wounds {unknown}
 n - a potion of might {unknown}


   Skills:
 + Level 2.5 Dodging
 + Level 2.5 Stealth
 + Level 2.8 Spellcasting
 + Level 5.1 Conjurations


You had 4 spell levels left.
You knew the following spells:

 Your Spells              Type           Power        Failure   Level  Hunger
a - Magic Dart            Conj           ###.         2%          1    #......
b - Dazzling Spray        Conj/Hex       ##....       21%         3    ###....

Your spell library contained the following spells:

 Spells                   Type           Power        Failure   Level  Hunger
 Searing Ray              Conj           ###...       3%          2    ##.....
 Iskenderun's Mystic Bla  Conj           ###.....     24%         4    #####..
 Force Lance              Conj/Tloc      ##......     54%         4    #####..
 Fulminant Prism          Conj/Hex       ##........   54%         4    #####..


Dungeon Overview and Level Annotations

Branches:
Dungeon (3/15)

Altars:
Fedhas
Nemelex Xobeh
Uskayaw


Innate Abilities, Weirdness & Mutations

Your plain brown scales are hard. (AC +5)
You cannot fit into any form of body armour.
You are cold-blooded and may be slowed by cold attacks.


Message History

The bullfrog is moderately wounded.
The bullfrog hits you. The bullfrog hits you! Why would you want to do that?
You enter the shallow water.
Moving in this stuff is going to be slow.
The bullfrog hits you.
You draw a card...
You have drawn the Tomb.
Walls emerge from the floor!
The bullfrog barely misses you. The bullfrog hits you.
The walls disappear prematurely!
The bullfrog closely misses you.
You draw a card...
You have drawn Pain.
Press: ? - help, Shift-Dir - straight line, f/p - bullfrog
Aim: a bullfrog (moderately wounded)
The bullfrog struggles to resist.
The bullfrog hits you!
* * * LOW HITPOINT WARNING * * *
The bullfrog misses you.
You draw a card...
You have drawn the Tomb.
Walls emerge from the floor!
The bullfrog hits you.
You die...
Your body disappears without a glow.

#∩# #.≈≈≈.≈≈≈≈≈..≈≈≈≈≈
#.# #.#
#.≈≈≈≈≈≈≈≈≈?.≈≈≈≈≈ #.#
#∩# #.≈≈≈≈≈≈≈≈}[[.≈≈≈≈
#.# #.#
#.≈≈≈≈≈≈≈.≈$.≈≈≈≈≈# #.#
### #.≈≈≈≈≈≈≈≈≈≈≈≈≈≈≈≈#
#.# #.≈≈≈≈≈≈.≈≈≈.≈≈≈≈≈#
#.# #.≈≈≈≈≈≈.≈.....≈≈#
#≈# #.≈≈≈≈≈≈#F#≈≈.∩≈≈#
#.# #.≈≈≈≈≈≈#@#≈≈.≈≈≈#
#.# #.≈≈≈≈≈≈###≈≈≈≈≈##
#≈# #.≈≈≈≈≈≈≈≈≈≈≈≈≈≈#
#.# #.≈≈≈.≈≈≈≈≈≈≈≈≈##
#.#
#.≈≈≈.≈≈≈≈≈≈≈≈########.#
#.≈≈≈≈..≈≈≈≈≈≈≈≈≈≈.≈≈≈.#
#.≈≈≈≈≈≈≈≈≈≈≈≈≈≈≈≈≈≈≈≈≈#
#.≈≈≈≈≈≈≈≈≈≈≈≈≈≈≈≈≈≈≈≈.#
#..≈≈≈≈≈≈≈≈≈≈≈≈≈≈≈≈≈≈≈.#


You could see a bullfrog.

Vanquished Creatures
  3 adders (D:2)
  An ooze (D:3)
  3 worms
  A dart slug (D:1)
  8 leopard geckos
  5 ball pythons
  8 bats
  9 giant cockroaches
  6 goblins
  6 hobgoblins
  4 jackals
  2 quokkas (D:3)
  10 frilled lizards
  6 kobolds
  7 rats
79 creatures vanquished.

Notes
Turn   | Place    | Note
-------+----------+-------------------------------------------
     0 | D:1      | GGGomer the Draconian Conjurer began the quest for the Orb.
     0 | D:1      | Reached XP level 1. HP: 14/14 MP: 3/3
   208 | D:1      | Reached XP level 2. HP: 20/20 MP: 1/5
  1293 | D:2      | Reached XP level 3. HP: 26/26 MP: 2/6
  1936 | D:2      | Reached XP level 4. HP: 33/33 MP: 5/7
  2111 | D:2      | Found a sparkling altar of Nemelex Xobeh.
  2116 | D:2      | Found a blossoming altar of Fedhas.
  2360 | D:2      | Found a hide-covered altar of Uskayaw.
  2495 | D:2      | Became a worshipper of Nemelex Xobeh the Trickster
  2635 | D:3      | Learned a level 3 spell: Dazzling Spray
  2831 | D:3      | Reached skill level 5 in Conjurations
  3084 | D:3      | Found a glowing drain.
  3085 | D:3      | Received a gift from Nemelex Xobeh
  3162 | Sewer    | Entered a sewer
  3803 | Sewer    | Noticed a bullfrog
  3814 | Sewer    | Slain by a bullfrog

Skill      XL: |  1  2  3  4 |
---------------+-------------+-----
Dodging        | 2 |  2.5
Stealth        | 2 |  2.5
Conjurations   | 5 |  5.1
Spellcasting   | |  2.8

Action                   |  1- 3 |  4- 6 || total
-------------------------+-------+-------++-------
Melee: Tailslap          |     2 |     2 ||     4
       Unarmed           |     1 |       ||     1
       Dagger            |     9 |    23 ||    32
 Cast: Magic Dart        |    80 |    80 ||   160
       Dazzling Spray    |       |     7 ||     7
 Abil: Draw Escape       |       |     2 ||     2
       Draw Destruction  |       |     1 ||     1
  Use: Scroll            |       |     5 ||     5
  Eat: Ration            |     2 |     1 ||     3
       Chunk             |       |     1 ||     1
Armor: Skin              |     6 |     6 ||    12
Dodge: Dodged            |    18 |    23 ||    41
